 Dungeon Crawl Stone Soup version 0.31-a0-1074-g0b22e4e0f1 (webtiles) character file.

Game seed: 3448972979682019215

665 ytrimaz the Insei (level 7, -7/51 HPs)
             Began as a Demigod Shapeshifter on Dec 6, 2023.
             Mangled by a killer bee (9 damage)
             ... on level 5 of the Dungeon.
             The game lasted 00:05:03 (4668 turns).

ytrimaz the Insei (Demigod Shapeshifter)            Turns: 4668, Time: 00:05:03

Health: -7/51      AC:  3    Str: 15    XL:     7   Next: 9%
Magic:  18/18      EV: 12    Int: 12    God:
Gold:   235        SH:  0    Dex: 21    Spells: 6/6 levels left

rFire   . .          .
                       - Unarmed
rCold   . . .        (no shield)
rNeg    . . .        n - +0 leather armour of Purpose {Will++ Slay+3}
rPois   .            (helmet currently unavailable)
rElec   .            (cloak currently unavailable)
rCorr   .            (gloves currently unavailable)
SInv    .            (boots currently unavailable)
Will    ++...        (no amulet)
Stlth   +            a - ring of magical power
HPRegen 0.28/turn    (no ring)
MPRegen 0.16/turn

%: no passive effects
@: confused, lethally poisoned (-7 -> -10), beast-form, ambrosia-drunk
A: beast (slay +3), high MP 1, forlorn, divine attributes
a: Begin Untransformation


You were on level 5 of the Dungeon.
You were a hulking beast.
You visited 1 branch of the dungeon, and saw 5 of its levels.

You collected 235 gold pieces.


Innate Abilities, Weirdness & Mutations

You are a hulking beast.
Your limbs bulge with bestial killing power. (Slay +3)
You have an increased reservoir of magic. (+10% MP)
You shall have no god before yourself.
Your divine heritage dramatically boosts your attributes as you level up.


   Skills:
 - Level 0.9 Fighting
 - Level 1.7 Dodging
 + Level 5.8 Unarmed Combat
 + Level 5.4 Shapeshifting


You had 6 spell levels left.
You didn't know any spells.
Your spell library contained the following spells:

 Spells                   Type           Power      Damage    Failure   Level
 Lesser Beckoning         Tloc           0%         N/A       52%         2
 Scorch                   Fire           0%         2d5       52%         2
 Gell's Gravitas          Tloc           0%         N/A       77%         3
 Teleport Other           Tloc           0%         N/A       77%         3
 Flame Wave               Conj/Fire      0%         2d4       99%         4
 Summon Cactus Giant      Summ           0%         N/A       100%        6

Inventory:

Armour
 b - the +1 leather armour "Uxuthe" {Stlth+}
   (You found it on level 2 of the Dungeon)

   Stlth+:    It makes you more stealthy.
 n - the +0 leather armour of Purpose (worn) {Will++ Slay+3}
   (You found it on level 2 of the Dungeon)

   Slay+3:    It affects your accuracy & damage with ranged weapons and melee
   (+3).
   Will++:    It greatly increases your willpower.
 p - a +2 helmet
   (You found it on level 3 of the Dungeon)
Jewellery
 a - a ring of magical power (left hand)
   (You found it on level 1 of the Dungeon)
Talismans
 c - a beast talisman
 d - a flux talisman
Wands
 g - a wand of iceblast (2) (quivered)
   (You found it on level 4 of the Dungeon)
Scrolls
 f - 3 scrolls of blinking
 m - a scroll of revelation
 o - a scroll of vulnerability {unknown}
 q - a scroll of enchant weapon {unknown}
 s - a scroll of enchant armour {unknown}
 t - a scroll of fear {unknown}
 w - a scroll of immolation {unknown}
 y - a scroll of torment {unknown}
Potions
 h - 2 potions of might
 j - a potion of brilliance {unknown}
 k - a potion of berserk rage {unknown}
 l - a potion of attraction {unknown}
 r - a potion of lignification
 u - a potion of degeneration {unknown}
 v - a potion of enlightenment {unknown}
 x - a potion of resistance {unknown}

Dungeon Overview and Level Annotations

Branches:
Dungeon (5/15) Zot: 25354
 Temple: D:4-7

Shops:
D:1

? ...# #..##...# #..##
####..#..#.# #...###
...#.......### ###.....#
......?...... +.......##
...........# #+# #...#..#
...........# #.# #....##
...........###y###..#..#
......5......yh.....##.##
5$y(......†####.#...##..###
...........# #.#.<.###...#
y.........#####.##.###..##.#
...#.....###....#...#..## .#
## ########...........## #
#......>...(.#
#............#
#............#######


You could see 2 killer bees.


Message History

The iceblast engulfs the killer bee! x2
Something shouts, "Away with thee, thou surly rude-growing canker-blossom!"
You hear an angry buzzing noise.
The killer bee barely misses you. The killer bee misses you.
Aiming: Iceblast
Press: ? - help, Q - select action Shift-Dir - straight line The mass of ice explodes!
The iceblast engulfs the killer bee.
You kill the killer bee!
The killer bee buzzes angrily.
The killer bee stings you.
The killer bee stings you but does no damage.
You have reached level 7! 😕 MP[+1]
You now have 51 max hp (+5).
Your mp is fully restored (18).
The killer bee attacks as it pursues you!
The killer bee stings you.
You are poisoned.
The killer bee poisons you!
The killer bee barely misses you. 😕 HP[-2]
You take 2 damage, and now have 44/51 hp.
You barely miss the killer bee.
You feel very sick.
The killer bee barely misses you. 😕 HP[-2]
You take 2 damage, and now have 42/51 hp.
You punch the killer bee!
You kill the killer bee!
You feel sick.
A killer bee comes into view. 😕 HP[-1]
You take 1 damage, and now have 41/51 hp.
You barely miss the killer bee.
You feel sick.
The killer bee stings you but does no damage.
The killer bee misses you. 😕 HP[-2]
You take 2 damage, and now have 39/51 hp.
Unknown command.
The killer bee buzzes angrily.
You punch the killer bee!
You feel sick. The killer bee misses you.
The killer bee barely misses you. 😮 HP[-1]
You take 1 damage, and now have 38/51 hp.
You hit the killer bee.
You feel sick. The killer bee stings you!
You are more poisoned.
The killer bee poisons you! The killer bee stings you.
You are more poisoned.
The killer bee poisons you! 😮 HP[-12]
You take 12 damage, and now have 26/51 hp.
MASSIVE DAMAGE!! (PAUSE) Unknown command.
Aiming: Iceblast
Press: ? - help, Q - select action Shift-Dir - straight line, f - killer bee
Aim: a killer bee
Okay, then.
You feel very sick.
The killer bee closely misses you. 😨 HP[-5]
You take 5 damage, and now have 21/51 hp.
You feel very sick. The killer bee stings you.
* * * LOW HITPOINT WARNING * * *
😨 HP[-7]
You take 7 damage, and now have 14/51 hp.
Aiming: Iceblast
Press: ? - help, Q - select action Shift-Dir - straight line
Okay, then.
You feel better.
The killer bee stings you but does no damage. x2 😨 HP[+9]
You regained 9 hp, and now have 23/51 hp.
You miss the killer bee.
The killer bee closely misses you. 😨 HP[+1]
You barely miss the killer bee. The killer bee misses you.
The killer bee closely misses you.
You barely miss the killer bee. The killer bee stings you!
* * * LOW HITPOINT WARNING * * *
You are poisoned.
The killer bee poisons you! The killer bee stings you!
* * * LOW HITPOINT WARNING * * *
The killer bee stings you but does no damage.
The killer bee stings you.
* * * LOW HITPOINT WARNING * * *
😱 HP[-21]
You take 21 damage, and now have 3/51 hp.
MASSIVE DAMAGE!! (PAUSE)
You feel better. The killer bee misses you. The killer bee stings you!
* * * LOW HITPOINT WARNING * * *
You are lethally poisoned!
The killer bee poisons you!
The killer bee stings you but does no damage.
The killer bee stings you.
* * * LOW HITPOINT WARNING * * *
😱 HP[-2]
You take 2 damage, and now have 1/51 hp.
You are confused.
You feel invigorated.
* * * LOW HITPOINT WARNING * * *
You feel sick. The killer bee stings you!
You die...

Skill      XL: |  1  2  3  4  5  6 |
---------------+-------------------+-----
Unarmed Combat | 3 4 5 |  5.8
Shapeshifting  | 3 4 5 |  5.4
Fighting       | |  0.9
Dodging        | |  1.7

Action                     |  1- 3 |  4- 6 |  7- 9 || total
---------------------------+-------+-------+-------++-------
  Melee: Unarmed           |   130 |   152 |     8 ||   290
         Punch             |     2 |     4 |       ||     6
  Evoke: Wand              |       |     2 |       ||     2
    Use: Potion            |     1 |     2 |     3 ||     6
         Scroll            |       |     6 |       ||     6
   Stab: Sleeping          |     2 |     2 |       ||     4
 Armour: Animal skin       |    12 |       |       ||    12
         Leather armour    |    44 |    84 |    15 ||   143
         Skin              |    11 |    15 |       ||    26
  Dodge: Dodged            |    71 |    74 |    10 ||   155

Levels and vault maps discovered:
D:1:      nicolae_arrival_memento_mori, layout_loops_corners, serial_shops,
          nicolae_shop_temple_entry_statues_fountains, corner_web_ring,
          chequers_arboretum, amethyst_killhole, dreamdust_princess_corridor
D:2:      layout_basic, kennysheep_generic_room_8
D:3:      layout_loops_ring, elyvilon_altar_4, roderic_serpentine_path,
          kennysheep_generic_room_3
D:4:      layout_rooms, mainiacjoe_overflow_alcove_4,
          ebering_dispersal_statue_hall, roderic_roman_lattice,
          kennysheep_minor_cross, kennysheep_generic_room_7
D:5:      old_forge, layout_rooms, mainiacjoe_overflow_catwalk,
          nicolae_overflow_crystal_walls, lemuel_doored_altar,
          mainiacjoe_overflow_alcove_2, minivault_23

Notes
Turn   | Place    | Note
-------+----------+-------------------------------------------
     0 | D:1      | ytrimaz the Demigod Shapeshifter began the quest for the
                  | Orb.
     0 | D:1      | Reached XP level 1. HP: 15/15 MP: 3/3
     0 | D:1      | magus.rc [v1.9.6]
   220 | D:1      | You pick up a book of Scorching and begin reading...
   220 | D:1      | You add the spells Scorch, Flame Wave and Summon Cactus
                  | Giant to your library.
   228 | D:1      | You pick up a book of Displacement and begin reading...
   228 | D:1      | You add the spells Lesser Beckoning, Gell's Gravitas and
                  | Teleport Other to your library.
   245 | D:1      | Found Lohoykku's Magic Scroll Shoppe.
   322 | D:1      | Reached skill level 3 in Unarmed Combat
   448 | D:1      | Reached XP level 2. HP: 16/22 MP: 4/4
   531 | D:1      | Reached skill level 3 in Shapeshifting
  1512 | D:2      | Reached XP level 3. HP: 26/27 MP: 5/5
  1535 | D:2      | Identified the +0 leather armour of Purpose {Will++ Slay+3}
  2270 | D:2      | Reached XP level 4. HP: 16/34 MP: 6/6
  2271 | D:2      | HP: 8/51 [orc/+1 heavy flail (7)]
  2276 | D:2      | HP: 7/51 [orc/+0 club (2)]
  2403 | D:2      | Identified the +1 leather armour "Uxuthe" {Stlth+}
  3046 | D:3      | Identified the +2 quarterstaff of Division {freeze, Int+5
                  | Dex+5}
  3093 | D:3      | Reached skill level 4 in Unarmed Combat
  3527 | D:4      | Reached skill level 4 in Shapeshifting
  3593 | D:4      | Reached XP level 5. HP: 38/39 MP: 7/7
  3627 | D:4      | HP: 8/39 [phantom (4)]
  3982 | D:4      | Noticed a black bear
  3991 | D:4      | Killed a black bear
  3992 | D:4      | Reached skill level 5 in Unarmed Combat
  3992 | D:4      | Reached XP level 6. HP: 21/46 MP: 8/8
  4488 | D:5      | Entered Level 5 of the Dungeon
  4498 | D:5      | Reached skill level 5 in Shapeshifting
  4655 | D:5      | Reached XP level 7. HP: 46/51 MP: 9/9
  4666 | D:5      | HP: 8/51 [killer bee (8)]
  4666 | D:5      | HP: 3/51 [killer bee (5)]
  4667 | D:5      | HP: 1/51 [killer bee (1)]
  4668 | D:5      | Mangled by a killer bee

Vanquished Creatures
  A black bear (D:4)
  A phantom (D:4)
  A scorpion (D:5)
  3 killer bees (D:5)
  A jelly (D:4)
  2 orc priests
  2 iguanas
  An orc wizard (D:4)
  4 adders (D:4)
  A white imp (D:4)
  3 worms
  A dart slug (D:1)
  12 orcs
  5 endoplasms
  7 giant cockroaches
  8 goblins
  3 hobgoblins
  8 jackals
  5 kobolds
  3 quokkas
  10 ball pythons
  4 bats
  10 frilled lizards
  3 rats
99 creatures vanquished.

Vanquished Creatures (others)
  A kobold (D:3)
1 creature vanquished.

Grand Total: 100 creatures vanquished

Table legend:
 A = Non-vault XP
 B = Vault XP
 C = Vault XP percentage of total XP
 D = Non-vault monster count
 E = Vault monster count
 F = Vault count percentage of total count
                 A         B        C        D         E       F
            +---------+---------+-------+---------+---------+-------
      Total |     945 |       6 |   0.6 |      96 |       3 |   3.0
            +---------+---------+-------+---------+---------+-------
        D:1 |      29 |       0 |   0.0 |      17 |       0 |   0.0
        D:2 |      96 |       0 |   0.0 |      26 |       0 |   0.0
        D:3 |      53 |       0 |   0.0 |      26 |       0 |   0.0
        D:4 |     468 |       6 |   1.3 |      22 |       3 |  12.0
        D:5 |     299 |       0 |   0.0 |       5 |       0 |   0.0
            +---------+---------+-------+---------+---------+-------

Skill      XL: |  1  2  3  4  5  6 |
---------------+-------------------+-----
Unarmed Combat | 3 4 5 |  5.8
Shapeshifting  | 3 4 5 |  5.4
Fighting       | |  0.9
Dodging        | |  1.7

Action                     |  1- 3 |  4- 6 |  7- 9 || total
---------------------------+-------+-------+-------++-------
  Melee: Unarmed           |   130 |   152 |     8 ||   290
         Punch             |     2 |     4 |       ||     6
  Evoke: Wand              |       |     2 |       ||     2
    Use: Potion            |     1 |     2 |     3 ||     6
         Scroll            |       |     6 |       ||     6
   Stab: Sleeping          |     2 |     2 |       ||     4
 Armour: Animal skin       |    12 |       |       ||    12
         Leather armour    |    44 |    84 |    15 ||   143
         Skin              |    11 |    15 |       ||    26
  Dodge: Dodged            |    71 |    74 |    10 ||   155

Illustrated notes

Table legend:
 A = Kills in this place as a percentage of kills in the entire game.
 B = Kills by you in this place as a percentage of kills by you in the entire game.
 C = Kills by friends in this place as a percentage of kills by friends in the entire game.
 D = Other kills in this place as a percentage of other kills in the entire game.
 E = Experience gained in this place as a percentage of experience gained in the entire game.
 F = Experience gained in this place divided by the number of levels of this place that you have seen.
                   A       B       C       D       E      F
               +-------+-------+-------+-------+-------+----------------------
         Total | 100.0 | 100.0 |   N/A |   N/A | 100.0 | 190.2
       Dungeon | 100.0 | 100.0 |   N/A |   N/A | 100.0 | 190.2
               +-------+-------+-------+-------+-------+----------------------

Table legend: (Time is in decaauts)
 A = Elapsed time spent in this place.
 B = Non-inter-level travel time spent in this place.
 C = Inter-level travel time spent in this place.
 D = Time resting spent in this place.
 E = Time spent auto-exploring this place.
 F = Levels seen in this place.
 G = Mean time per level.
                   A        B        C        D        E       F      G
               +--------+--------+--------+--------+--------+-----+--------+
         Total |   4644 |   4511 |    133 |    121 |   3603 |   5 |  928.8 |
       Dungeon |   4644 |   4511 |    133 |    121 |   3603 |   5 |  928.8 |
               +--------+--------+--------+--------+--------+-----+--------+

Top non-repeatable levels by time:
     D:2: 1297 daAuts
     D:1: 1173 daAuts
     D:4: 1023 daAuts
     D:3: 972 daAuts
     D:5: 178 daAuts
